 Dungeon Crawl Stone Soup version 0.29-a0-384-g6960b1960d (webtiles) character file.

Game seed: 252736492475225508

20350 quokkamancerX the Grappler (level 12, -4/132 HPs)
             Began as a Troll Fighter on May 7, 2022.
             Was a High Priest of Okawaru.
             Slain by a freezing wraith (9 damage)
             ... on level 12 of the Dungeon.
             The game lasted 01:02:50 (10740 turns).

quokkamancerX the Grappler (Troll Fighter)         Turns: 10740, Time: 01:02:51

Health: -4/132     AC: 15    Str: 29    XL:     12   Next: 44%
Magic:  9/11       EV: 14    Int:  4    God:    Okawaru [*****.]
Gold:   819        SH: 19    Dex: 11    Spells: 11/11 levels left

rFire   . . .      SeeInvis .     - Unarmed
rCold   . . .      Faith    .   b - +5 kite shield
rNeg    . . .      Spirit   .   P - +2 troll leather armour {Snorg}
rPois   +          Reflect  +   O - +2 hat
rElec   .          Harm     .   S - +2 cloak
rCorr   .          Rampage  .   (gloves unavailable)
Will    .....                   (boots unavailable)
Stlth   ++........              v - amulet of reflection
HPRegen 1.92/turn               D - ring of poison resistance
MPRegen 0.12/turn               w - +4 ring of evasion

@: heroic, spiked, slowed, very slow
A: large, unfitting armour, claws 3, regeneration 1, shaggy fur 1, tough skin 1
a: Renounce Religion, Heroism, Finesse, Duel


You were on level 12 of the Dungeon.
You worshipped Okawaru.
Okawaru was extremely pleased with you.
You visited 2 branches of the dungeon, and saw 13 of its levels.

You collected 945 gold pieces.
You spent 126 gold pieces at shops.

Inventory:

Hand Weapons
 y - the +3 Elemental Staff {rElec rF++ rC++ AC+5}
   (You took it off a deep elf pyromancer on level 9 of the Dungeon)

   If the wielder is skilled in Evocations, they can discharge powerful blasts
   of elemental energy when striking with it.
   It enhances your fire, ice, earth and air magic.
   AC:        It affects your AC (+5).
   rF:        It greatly protects you from fire.
   rC:        It greatly protects you from cold.
   rElec:     It insulates you from electricity.
Missiles
 g - 2 javelins
 p - 23 poisoned darts
 s - 11 silver javelins
 J - 5 large rocks (quivered)
 L - 3 throwing nets
Armour
 b - a +5 kite shield (worn)
 O - a +2 hat (worn)
 P - a +2 troll leather armour (worn) {Snorg}
 S - a +2 cloak (worn)
Jewellery
 i - an amulet of magic regeneration
 v - an amulet of reflection (around neck)
 w - a +4 ring of evasion (right claw)
 D - a ring of poison resistance (left claw)
 E - the amulet "Jaikec" {Acrobat rF+++ Will- rCorr Stlth+}
   (You took it off a centaur on level 7 of the Dungeon)

   [amulet of the acrobat]

   It increases your evasion while moving and waiting.
   rF:        It renders you almost immune to fire.
   rCorr:     It protects you from acid and corrosion.
   Will:      It decreases your willpower.
   Stlth:     It makes you more stealthy.
 G - the ring "Hienosch" {rElec rCorr Int+5 Dex+3}
   (You found it on level 7 of the Dungeon)

   [ring of resist corrosion]

   Int:       It affects your intelligence (+5).
   Dex:       It affects your dexterity (+3).
   rElec:     It insulates you from electricity.
   rCorr:     It protects you from acid and corrosion.
 K - an amulet of guardian spirit
 R - a +6 ring of intelligence
Wands
 A - a wand of polymorph (7)
 H - a wand of paralysis (7)
 I - a wand of iceblast (5)
 N - a wand of flame (15)
Scrolls
 e - a scroll of noise {unknown}
 f - a scroll of magic mapping {unknown}
 h - 8 scrolls of teleportation
 k - a scroll of acquirement {unknown}
 l - a scroll of vulnerability {unknown}
 n - a scroll of amnesia {unknown}
 o - a scroll of torment {unknown}
 q - 2 scrolls of enchant weapon {unknown}
 r - 2 scrolls of immolation
 t - 3 scrolls of fear
 M - a scroll of summoning {unknown}
Potions
 a - 6 potions of lignification
 c - 5 potions of might
 d - 4 potions of curing
 j - a potion of brilliance {unknown}
 m - 2 potions of mutation
 u - a potion of haste
 x - 2 potions of attraction {unknown}
 z - 2 potions of heal wounds {unknown}
 C - 2 potions of magic {unknown}
 F - a potion of invisibility {unknown}
 Q - 2 potions of flight


   Skills:
 - Level 12.1(17.1) Fighting
 + Level 3.8(8.8) Armour
 - Level 2.4(7.4) Dodging
 - Level 2.4(7.4) Shields
 + Level 14.8(19.8) Unarmed Combat


You had 11 spell levels left.
You didn't know any spells.
Your spell library contained the following spells:

 Spells                   Type           Power      Damage    Failure   Level
 Beastly Appendage        Tmut           0%         N/A       78%         1
 Slow                     Hex            0%         N/A       78%         1
 Sting                    Tmut/Pois      0%         1d3       78%         1
 Blink                    Tloc           0%         N/A       89%         2
 Poisonous Vapours        Pois/Air       0%         N/A       89%         2
 Sublimation of Blood     Necr           0%         N/A       89%         2
 Wereblood                Tmut           0%         N/A       89%         2
 Confusing Touch          Hex            0%         N/A       98%         3
 Frozen Ramparts          Ice            0%         1d2       98%         3
 Ignite Poison            Fire/Tmut/Pois 0%         N/A       98%         3
 Lesser Beckoning         Tloc           0%         N/A       98%         3
 Mephitic Cloud           Conj/Pois/Air  0%         N/A       98%         3
 Spider Form              Tmut/Pois      0%         N/A       98%         3
 Vampiric Draining        Necr           0%         2d6       98%         3
 Ice Form                 Ice/Tmut       0%         N/A       100%        4
 Olgreb's Toxic Radiance  Pois           0%         N/A       100%        4
 Borgnjor's Vile Clutch   Necr/Erth      0%         N/A       100%        5
 Freezing Cloud           Conj/Ice/Air   0%         6-21      100%        5
 Manifold Assault         Tloc           0%         N/A       100%        5
 Dispersal                Tloc           0%         N/A       100%        6
 Disjunction              Tloc           0%         N/A       100%        8
 Animate Dead             Necr           Unusable   N/A       N/A         4
 Summon Ice Beast         Ice/Summ       Unusable   N/A       N/A         4
 Death Channel            Necr           Unusable   N/A       N/A         6
 Summon Hydra             Summ           Unusable   N/A       N/A         7

Dungeon Overview and Level Annotations

Branches:
Dungeon (12/15)            Temple (1/1) D:5            Lair (0/6) D:9
    Orc (0/2) D:11

Altars:
Ashenzari
Cheibriados
Dithmenos
Elyvilon
Fedhas
Gozag
Hepliaklqana
Kikubaaqudgha
Makhleb
Nemelex Xobeh
Okawaru
Qazlal
Ru
Sif Muna
Trog
Uskayaw
Vehumet
Wu Jian
Xom
Yredelemnul
Zin
The Shining One

Shops:
D:3 *!   D:6 =

Annotations:
D:5 2 transporters, Hubjo's ghost, novice DEFE
D:7 1 runed translucent door


Innate Abilities, Weirdness & Mutations

You are too large for most types of armour.
You have claws for hands.
Your natural rate of healing is unusually fast.
You are covered in fur. (AC +1)
You have tough skin. (AC +1)


Message History

You scratch the wraith but do no damage.
You mangle the wraith!!
The wraith is heavily damaged.
You block the wraith's attack.
You mangle the wraith!!
You destroy the wraith!
Okawaru accepts your kill.
You scratch the freezing wraith but do no damage.
The freezing wraith barely misses you. You block the freezing wraith's attack.
You barely miss the freezing wraith.
You block the freezing wraith's attack. x2
You scratch the freezing wraith.
The freezing wraith is lightly damaged.
The freezing wraith barely misses you. The freezing wraith hits you.
* * * LOW HITPOINT WARNING * * *
The freezing wraith drains your vigour!
You feel yourself slow down. You block the manticore's attack. x2
The manticore claws you but does no damage.
You completely miss the freezing wraith.
The freezing wraith is lightly damaged.
You block the freezing wraith's attack.
The freezing wraith hits you but does no damage.
The manticore bites you!
* * * LOW HITPOINT WARNING * * *
The manticore misses you. The manticore barely misses you.
You scratch the freezing wraith but do no damage.
The freezing wraith is lightly damaged.
You block the manticore's attack. x3
The freezing wraith completely misses you.
The freezing wraith misses you.
You gain the combat prowess of a mighty hero.
The freezing wraith hits you!
* * * LOW HITPOINT WARNING * * *
The freezing wraith freezes you!
* * * LOW HITPOINT WARNING * * *
You block the freezing wraith's attack. You block the manticore's attack.
The manticore claws you!
* * * LOW HITPOINT WARNING * * *
You block the manticore's attack. The manticore barely misses you. x3
The freezing wraith hits you!
You die...

o#..## ## ....##... ##.
......##.. ##.. .#.....##.##
##... <#......#..## #....
........#...## #....
........'....## +....
.#......#.....#########. #....
.#......#......W@....... #....
#......###'###H...^..###+###....
##....)......##.....##..........
##...........##...##...........
#............##.##............
#.............###.............
#..............#..............
########....................)....
...#.............................


You could see a manticore and a freezing wraith.

Vanquished Creatures
  Snorg (D:11)
  Harold (D:10)
  2 boulder beetles
  4 two-headed ogres
  Lodul (D:10)
  A deep troll (D:10)
  A deep elf pyromancer (D:9)
  2 manticores (D:12)
  5 gargoyles
  A rime drake (D:9)
  4 kobold demonologists
  An ice devil (D:9)
  2 trolls
  A slime creature (D:7)
  Prince Ribbit (D:7)
  Sigmund (D:6)
  4 wraiths
  2 wyverns (D:8)
  Eustachio (D:4)
  A fire elemental (D:9)
  20 yaks
  3 steam dragons
  A basilisk (D:10)
  Menkaure (D:7)
  4 vampire mosquitoes (D:11)
  Duvessa (D:4)
  A warg (D:11)
  An acid dragon (D:9)
  5 orc warriors
  A sky beast (D:7)
  2 ice beasts
  10 ogres
  A boggart (D:12)
  5 centaurs
  2 bullfrogs
  A gnoll sergeant (D:8)
  2 scorpions
  A necrophage (D:4)
  4 wights (D:10)
  Dowan (D:4)
  3 killer bees (D:10)
  6 howler monkeys
  2 vampire bats (D:11)
  4 orc priests
  5 hounds
  2 iguanas
  Crazy Yiuf (D:6)
  6 orc wizards
  7 gnolls
  8 adders
  4 worms (D:2)
  6 dart slugs
  27 orcs
  10 ball pythons
  4 bat skeletons (D:11)
  2 bat zombies (D:11)
  7 endoplasms
  4 giant cockroaches
  9 goblins
  12 hobgoblins
  4 jackals
  5 bats
  5 frilled lizards
  13 kobolds
  12 rats
272 creatures vanquished.

Vanquished Creatures (others)
  8 fungi (D:9)
  15 plants
23 creatures vanquished.

Grand Total: 295 creatures vanquished

Notes
Turn   | Place    | Note
-------+----------+-------------------------------------------
     0 | D:1      | quokkamancerX the Troll Fighter began the quest for the
                  | Orb.
     0 | D:1      | Reached XP level 1. HP: 22/22 MP: 0/0
   219 | D:1      | Reached XP level 2. HP: 29/29 MP: 1/1
   408 | D:1      | Reached XP level 3. HP: 34/37 MP: 2/2
   598 | D:1      | Reached skill level 3 in Unarmed Combat
   949 | D:2      | Reached XP level 4. HP: 41/45 MP: 3/3
  1455 | D:3      | Found Peifid's Distillery.
  1510 | D:3      | Reached skill level 4 in Unarmed Combat
  1510 | D:3      | Reached XP level 5. HP: 54/54 MP: 4/4
  1512 | D:3      | Bought a potion of degeneration for 11 gold pieces
  1512 | D:3      | Bought a potion of curing for 33 gold pieces
  1624 | D:3      | Found a sparkling altar of Nemelex Xobeh.
  1644 | D:3      | Found a basalt altar of Yredelemnul.
  1759 | D:3      | Found a faded altar of an unknown god.
  1916 | D:3      | Found Iradgh's Assorted Antiques.
  1921 | D:3      | Bought a fuming white potion for 19 gold pieces
  1921 | D:3      | Bought a scroll labelled IZATRET SOBLADEO for 22 gold
                  | pieces
  1921 | D:3      | Bought a dark potion for 19 gold pieces
  1921 | D:3      | Bought a scroll labelled KIVISO YKLERCHEO for 22 gold
                  | pieces
  1929 | D:3      | Found a blossoming altar of Fedhas.
  2407 | D:4      | Reached XP level 6. HP: 61/62 MP: 5/5
  2478 | D:4      | Noticed Eustachio
  2478 | D:4      | Noticed Duvessa
  2545 | D:4      | Killed Eustachio
  2546 | D:4      | Reached skill level 5 in Unarmed Combat
  2597 | D:4      | Noticed Dowan
  2617 | D:4      | Killed Duvessa
  2618 | D:4      | Reached skill level 5 in Fighting
  2618 | D:4      | Reached XP level 7. HP: 72/72 MP: 6/6
  2621 | D:4      | Killed Dowan
  2925 | D:4      | Identified the +5 scale mail of Protective Custody {MP+9
                  | Slay+3}
  3051 | D:4      | Reached skill level 6 in Unarmed Combat
  3411 | D:5      | Entered Level 5 of the Dungeon
  3699 | D:5      | Noticed Hubjo's ghost (novice DEFE)
  3749 | D:5      | Found a transporter.
  3756 | D:5      | Found a transporter.
  3831 | D:5      | Reached XP level 8. HP: 83/83 MP: 7/7
  3990 | D:5      | Found a staircase to the Ecumenical Temple.
  4003 | Temple   | Entered the Ecumenical Temple
  4074 | Temple   | Became a worshipper of Warmaster Okawaru
  4446 | D:6      | Noticed Sigmund
  4453 | D:6      | Killed Sigmund
  4454 | D:6      | Reached skill level 7 in Unarmed Combat
  4750 | D:6      | Found Jiguhoahao's One-of-a-Kind Rings.
  5135 | D:6      | Found a runed translucent door.
  5136 | D:6      | Noticed Crazy Yiuf
  5140 | D:6      | Killed Crazy Yiuf
  5256 | D:6      | Identified the +1 ring mail of Saygam {rPois Int+4}
  5306 | D:7      | Found a runed translucent door.
  5308 | D:7      | Found a runed translucent door.
  5308 | D:7      | Noticed a kobold demonologist
  5336 | D:7      | Noticed Prince Ribbit
  5346 | D:7      | Killed Prince Ribbit
  5357 | D:7      | Reached * piety under Okawaru
  5369 | D:7      | Reached skill level 8 in Unarmed Combat
  5391 | D:7      | Found a bloodstained altar of Trog.
  5475 | D:7      | Identified the +1 cloak of Restlessness {rN+ Str+2}
  5698 | D:7      | Noticed Menkaure
  5720 | D:7      | Killed Menkaure
  5922 | D:7      | Reached XP level 9. HP: 76/93 MP: 8/8
  5957 | D:7      | Noticed a two-headed ogre
  5958 | D:7      | Noticed a boulder beetle
  5966 | D:7      | Identified the amulet "Jaikec" {Acrobat rF+++ Will- rCorr
                  | Stlth+}
  5975 | D:7      | Killed a two-headed ogre
  5975 | D:7      | Reached ** piety under Okawaru
  5976 | D:7      | Reached skill level 9 in Unarmed Combat
  5991 | D:7      | Noticed a gargoyle
  6184 | D:7      | Killed a gargoyle
  6248 | D:7      | Identified the ring "Fibryadu" {Contam Fly rElec MP+9
                  | Str+6}
  6253 | D:7      | Noticed a kobold demonologist
  6259 | D:7      | Killed a kobold demonologist
  6260 | D:7      | Reached skill level 10 in Unarmed Combat
  6261 | D:7      | Identified the ring "Hienosch" {rElec rCorr Int+5 Dex+3}
  6266 | D:7      | Identified the ring "Xeyruubi" {Ice Str-2 Dex+2 Slay+3}
  6291 | D:7      | Killed a boulder beetle
  6292 | D:7      | Reached XP level 10. HP: 64/107 MP: 9/9
  6363 | D:7      | Noticed a gargoyle
  6370 | D:7      | Reached *** piety under Okawaru
  6394 | D:7      | Killed a gargoyle
  6802 | D:8      | Reached skill level 11 in Unarmed Combat
  7095 | D:8      | Found a snail-covered altar of Cheibriados.
  7464 | D:9      | Noticed a two-headed ogre
  7473 | D:9      | Killed a two-headed ogre
  7473 | D:9      | Reached **** piety under Okawaru
  7475 | D:9      | Reached skill level 10 in Fighting
  7612 | D:8      | Reached skill level 12 in Unarmed Combat
  7629 | D:9      | Noticed a sun demon
  7634 | D:8      | Received a gift from Okawaru
  7804 | D:9      | Found a staircase to the Lair.
  7844 | D:9      | Noticed a deep elf pyromancer
  7856 | D:9      | Killed a deep elf pyromancer
  7856 | D:9      | Reached ***** piety under Okawaru
  7857 | D:9      | Reached XP level 11. HP: 110/119 MP: 8/10
  7911 | D:9      | Identified the +9 hand crossbow "Hell-Harrower" {vorpal,
                  | Will+} (Okawaru gifted it to you on level 9 of the Dungeon)
  7911 | D:9      | Received a gift from Okawaru
  8342 | D:10     | Entered Level 10 of the Dungeon
  8471 | D:10     | Noticed Lodul
  8592 | D:10     | Killed Lodul
  8593 | D:10     | Reached skill level 13 in Unarmed Combat
  8872 | D:10     | Noticed a boulder beetle
  8872 | D:10     | Noticed Harold
  8967 | D:9      | Killed a boulder beetle
  8967 | D:9      | Received a gift from Okawaru
  9011 | D:10     | Killed Harold
  9209 | D:10     | Noticed a deep troll
  9216 | D:10     | Killed a deep troll
  9364 | D:10     | Found a glowing golden altar of the Shining One.
  9505 | D:11     | Received a gift from Okawaru
  9636 | D:11     | Noticed Snorg
  9647 | D:11     | Killed Snorg
  9648 | D:11     | Reached skill level 14 in Unarmed Combat
  9648 | D:11     | Reached XP level 12. HP: 55/132 MP: 8/11
  9799 | D:11     | Noticed a two-headed ogre
  9823 | D:11     | Killed a two-headed ogre
  9824 | D:11     | Reached skill level 1 in Armour
  9983 | D:11     | Found a staircase to the Orcish Mines.
 10245 | D:11     | Found an ancient bone altar of Kikubaaqudgha.
 10395 | D:12     | Noticed a two-headed ogre
 10409 | D:12     | Killed a two-headed ogre
 10629 | D:12     | Noticed an angel
 10740 | D:12     | HP: 5/132 [manticore (8)]
 10740 | D:12     | Slain by a freezing wraith

Illustrated notes

Levels and vault maps discovered:
D:1:      dpeg_arrival_morbid_curiosity, layout_basic,
          minmay_misc_feat_ornament, minmay_bisected
D:2:      layout_rooms, grunt_ministairs_10, amethyst_killhole, st_stairs_6
D:3:      layout_basic, mainiacjoe_overflow_large_starburst,
          general_overflow_altar, serial_shops, shop, shop,
          shapermc_ecumenical_altar_flowoftime, minmay_misc_feat_tower,
          lemuel_another_geyser
D:4:      layout_loops_corners, uniq_eustachio, uniq_duvessa
D:5:      lemuel_ice_spiral_2, layout_rooms, temple_hall,
          gammafunk_ghost_gnarly_gnolls, minmay_misc_feat_hallway
D:6:      nicolae_cairo_tiling_large_dashed, layout_basic,
          nicolae_shop_unique_rings, uniq_sigmund, uniq_crazy_yiuf_cottage
D:7:      minmay_the_grid_triangle_9x9_recursive_2
          [minmay_the_grid_triangle_9x9_prize_special,
          minmay_the_grid_triangle_9x9_tough_junction,
          minmay_the_grid_triangle_9x9_shrine,
          minmay_the_grid_triangle_9x9_impossible_snake], layout_basic,
          mainiacjoe_overflow_surrounded_room, uniq_menkaure,
          uniq_prince_ribbit1
D:8:      layout_loops_ring, cheibriados_altar_1, minmay_holes
D:9:      layout_small_grid, grunt_lair_entry_orc_guard_hut,
          dilly_guarded_unrand_elemental_staff
D:10:     dreamdust_cave_troll, layout_cave_pools,
          nicolae_tso_swordbearing_angel, nicolae_straight_to_the_point,
          uniq_harold, uniq_lodul
D:11:     layout_small_grid, david_orc_3, kennysheep_vampire_church, uniq_snorg
D:12:     minmay_concentric_multi, layout_gridville, enter_trove_5,
          nicolae_good_shop
Temple:   compressed_dpeg_circular_temple

Skill      XL: |  1  2  3  4  5  6  7  8  9 10 11 12 |
---------------+-------------------------------------+-----
Fighting       | 3 4 5 6 7 9 10 12 | 12.1
Unarmed Combat | 3 4 5 6 8 10 12 14 | 14.8
Armour         | 3 |  3.8
Dodging        | |  2.4
Shields        | |  2.4

Action                   |  1- 3 |  4- 6 |  7- 9 | 10-12 || total
-------------------------+-------+-------+-------+-------++-------
Melee: Unarmed           |   112 |   144 |   167 |   359 ||   782
Throw: Javelin           |     2 |    19 |    17 |    24 ||    62
       Dart              |       |       |     2 |     9 ||    11
       Large rock        |       |       |       |     9 ||     9
Invok: Heroism           |       |       |     1 |    15 ||    16
  Use: Scroll            |       |     6 |     3 |     5 ||    14
       Potion            |       |     2 |     4 |     1 ||     7
 Stab: Distracted        |       |       |     1 |       ||     1
       Sleeping          |       |       |       |     1 ||     1
Armor: Robe              |    43 |    53 |    30 |    22 ||   148
       Steam dragon scal |       |       |       |    15 ||    15
       Troll leather arm |       |       |       |    15 ||    15
Dodge: Dodged            |    49 |    56 |    35 |   127 ||   267
Block: Kite shield       |    45 |    48 |    88 |   311 ||   492
       Reflection        |       |       |     1 |    21 ||    22

Table legend: (Time is in decaauts)
 A = Elapsed time spent in this place.
 B = Non-inter-level travel time spent in this place.
 C = Inter-level travel time spent in this place.
 D = Time resting spent in this place.
 E = Time spent auto-exploring this place.
 F = Levels seen in this place.
 G = Mean time per level.
                   A        B        C        D        E       F      G
               +--------+--------+--------+--------+--------+-----+--------+
         Total |  10832 |  10095 |    737 |    573 |   6444 |  13 |  833.2 |
       Dungeon |  10744 |  10021 |    723 |    573 |   6390 |  12 |  895.3 |
        Temple |     88 |     74 |     14 |      0 |     54 |   1 |   88.0 |
               +--------+--------+--------+--------+--------+-----+--------+

Top non-repeatable levels by time:
     D:7: 1502 daAuts
     D:4: 1223 daAuts
     D:6: 975 daAuts
     D:1: 974 daAuts
    D:10: 973 daAuts
     D:9: 972 daAuts
    D:11: 887 daAuts
     D:5: 834 daAuts
     D:3: 804 daAuts
     D:8: 739 daAuts
     D:2: 502 daAuts
    D:12: 354 daAuts
  Temple: 88 daAuts
